 Dungeon Crawl Stone Soup version 0.30-a0-374-g95c0257040 (webtiles) character file.

Game seed: 10031419015950264890

2673 NinjaNoafa the Summoner (level 9, -6/34 HPs)
             Began as a Felid Summoner on Nov 25, 2022.
             Was an Initiate of Gozag.
             Killed from afar by a steam dragon (22 damage)
             ... with a ball of steam
             ... on level 9 of the Dungeon.
             The game lasted 00:39:51 (11973 turns).

NinjaNoafa the Summoner (Felid Summoner)           Turns: 11973, Time: 00:39:51

Health: -6/34      AC:  2    Str:  4    XL:     9   Next: 37%
Magic:  22/24      EV: 18    Int: 23    God:    Gozag
Gold:   163        SH:  0    Dex: 19    Spells: 13/28 levels left
                                        Lives:  0   Deaths: 2

rFire   . . .      SeeInvis +    (weapon unavailable)
rCold   . . .      Faith    .    (shield unavailable)
rNeg    . . .      Spirit   .    (body armour unavailable)
rPois   .          Reflect  .    (helmet unavailable)
rElec   .          Harm     .    (cloak unavailable)
rCorr   .          Rampage  .    (gloves unavailable)
Will    +....                    (boots unavailable)
Stlth   ++........               l - amulet "Ukeeschair" {RegenMP Int+3 Dex+2}
HPRegen 0.25/turn                (no ring)
MPRegen 0.59/turn                (no ring)

@: quick
A: very small, claws 1, fangs 3, see invisible, speed 1, shaggy fur 2, stealthy
paws, no weapons or thrown items, no armour, multi-lived
a: Renounce Religion, Potion Petition, Call Merchant, Bribe Branch


You were on level 9 of the Dungeon.
You worshipped Gozag.
Gozag was aware of your devotion.
You visited 2 branches of the dungeon, and saw 10 of its levels.

You collected 566 gold pieces.
You spent 240 gold pieces at shops.
You paid 163 gold pieces to Gozag.

Inventory:

Jewellery
 l - the amulet "Ukeeschair" (around neck) {RegenMP Int+3 Dex+2}
   (You acquired it on level 6 of the Dungeon)

   [amulet of magic regeneration]

   It increases your rate of magic regeneration.
   Int:       It affects your intelligence (+3).
   Dex:       It affects your dexterity (+2).
Wands
 o - a wand of flame (29)
 r - a wand of mindburst (12)
Scrolls
 a - a scroll of vulnerability
 g - a scroll of noise
 i - a scroll of immolation
 k - 2 scrolls of teleportation
 n - a scroll of fear
 q - 2 scrolls of magic mapping
 s - a scroll of fog
Potions
 b - a potion of cancellation
 c - 3 potions of might
 d - 6 potions of curing
 e - 2 potions of lignification
 f - a potion of heal wounds
 h - 2 potions of mutation
 j - a potion of brilliance {unknown}
 m - 2 potions of ambrosia {unknown}
 p - a potion of haste {unknown}


   Skills:
 - Level 0.3 Fighting
 - Level 2.9 Dodging
 - Level 2.6 Stealth
 - Level 10.0 Spellcasting
 - Level 5.0 Hexes
 - Level 10.0 Summonings
 + Level 0.0 Ice Magic
 + Level 2.7 Air Magic


You had 13 spell levels left.
You knew the following spells:

 Your Spells              Type           Power      Damage    Failure   Level
a - Summon Small Mammal   Summ           100%       N/A       1%          1
b - Call Imp              Summ           55%        N/A       1%          2
c - Call Canine Familiar  Summ           55%        N/A       1%          3
d - Summon Guardian Gole  Hex/Summ       46%        N/A       1%          3
e - Summon Lightning Spi  Summ/Air       40%        N/A       4%          4
q - Ensorcelled Hibernat  Hex/Ice        46%        N/A       3%          2

Your spell library contained the following spells:

 Spells                   Type           Power      Damage    Failure   Level
 Swiftness                Air            24%        N/A       5%          3
 Summon Ice Beast         Ice/Summ       34%        N/A       7%          4
 Summon Mana Viper        Hex/Summ       46%        N/A       7%          5
 Blink                    Tloc           22%        N/A       9%          2
 Passwall                 Tmut/Erth      9%         N/A       9%          2
 Kindle Blastsparks       Fire/Tloc/Air  30%        2d12      12%         3
 Hailstorm                Conj/Ice       11%        3d5       17%         3
 Spider Form              Tmut/Pois      11%        N/A       17%         3
 Airstrike                Air            12%        2d(2-18)  19%         4
 Anguish                  Hex/Necr       11%        N/A       21%         4
 Fulminant Prism          Conj/Hex       11%        3d9       21%         4
 Ice Form                 Ice/Tmut       11%        N/A       50%         4
 Iskenderun's Mystic Bla  Conj/Tloc      11%        2d4       50%         4
 Manifold Assault         Tloc           11%        N/A       50%         4
 Monstrous Menagerie      Summ           27%        N/A       61%         7
 Lightning Bolt           Conj/Air       8%         1d21      65%         5
 Lee's Rapid Deconstruct  Erth           5%         3d6*      83%         5
 Storm Form               Tmut/Air       8%         N/A       100%        7
 Simulacrum               Ice/Necr       Unusable   N/A       N/A         6

Dungeon Overview and Level Annotations

Branches:
Dungeon (9/15)             Temple (1/1) D:7
   Lair: D:8-11         Orc: D:9-12

Altars:
Ashenzari
Cheibriados
Dithmenos
Elyvilon
Fedhas
Gozag
Hepliaklqana
Kikubaaqudgha
Makhleb
Nemelex Xobeh
Okawaru
Qazlal
Ru
Sif Muna
Trog
Uskayaw
Vehumet
Wu Jian
Xom
Yredelemnul
Zin
The Shining One

Shops:
D:4 (   D:6 [[!=!

Annotations:
D:9 Pikel


Innate Abilities, Weirdness & Mutations

You have sharp claws.
You have razor-sharp teeth.
You have supernaturally acute eyesight. (SInv)
You cover ground quickly. (Speed+)
You are covered in thick fur. (AC +2)
Your paws help you pounce on unaware monsters.
You are incapable of wielding weapons or throwing items.
You cannot wear armour.
You gain extra lives every three experience levels.


Message History

There is a stone staircase leading down here.
You climb downwards.
Level annotation: Pikel
There is a stone staircase leading up here.
Found a stone staircase leading down.
A steam dragon comes into view.
Casting: Ensorcelled Hibernation (safe; 3% risk of failure)
Confirm with . or Enter, or press ? or * to list all spells.
A guardian golem appears, shielding your allies.
The steam dragon hisses angrily.
The steam dragon breathes steam at you. The ball of steam misses you.
You hear a howl!
You are engulfed in a cloud of scalding steam.
The steam dragon bites your guardian golem.
The steam dragon claws your guardian golem.
Casting: Summon Guardian Golem (safe; 1% risk of failure)
Confirm with . or Enter, or press ? or * to list all spells.
The steam dragon breathes steam at you.
The ball of steam hits your guardian golem.
Your guardian golem resists.
The ball of steam hits your wolf! The ball of steam hits you!
Your wolf is engulfed in a cloud of scalding steam.
Your wolf is engulfed in a cloud of scalding steam.
Casting: Call Canine Familiar (safe; 1% risk of failure)
Confirm with . or Enter, or press ? or * to list all spells.
A beastly little devil appears in a puff of flame.
You swap places.
The steam dragon bites your guardian golem but does no damage.
The steam dragon claws your guardian golem but does no damage.
The steam dragon breathes steam at you.
The ball of steam hits your guardian golem.
Your guardian golem resists.
The ball of steam hits your wolf!!
The ball of steam hits your crimson imp.
Your crimson imp resists.
The ball of steam hits you!!
Ouch! That really hurt!
You die...
Your body crumbles into a pile of gold.

#.#.###.##.####
$.....§>§.....#
#.#.###§##D##.#
..#.# # #9##
####.# #h.# ..#
##5# #§# #§#
#@# #.# #.# #.#
#.# #.# #.# #.#
#.# #.#


There were no monsters in sight!

Vanquished Creatures
  Menkaure (D:4)
  2 ice beasts (D:5)
  A centaur (D:5)
  A hound (D:7)
  An ufetubus (D:3)
  4 orcs (D:7)
  2 hobgoblins
  A quokka (D:3)
  A bat (D:2)
  A frilled lizard (D:3)
  A rat (D:2)
16 creatures vanquished.

Vanquished Creatures (collateral kills)
  Grinder (D:3)
  Sigmund (D:4)
  A steam dragon (D:7)
  An ice beast (D:5)
  2 sky beasts (D:7)
  3 orc warriors
  An ogre (D:5)
  2 centaurs
  2 phantoms
  2 bullfrogs
  2 necrophages
  2 scorpions
  9 wights
  A howler monkey (D:6)
  3 jellies
  5 orc priests
  6 hounds
  3 gnoll boudas
  5 iguanas
  An orc wizard (D:8)
  Natasha (thrice) (D:2)
  14 gnolls
  7 adders
  2 white imps
  3 worms (D:2)
  2 dart slugs (D:3)
  24 orcs
  10 ball pythons
  4 endoplasms
  4 giant cockroaches
  11 goblins
  9 hobgoblins
  6 kobolds
  8 quokkas
  7 bats
  4 frilled lizards
  9 rats
180 creatures vanquished.

Vanquished Creatures (others)
  A black bear (D:6)
  2 centaurs
  A scorpion (D:6)
  5 wights
  A jelly (D:6)
10 creatures vanquished.

Grand Total: 206 creatures vanquished

Notes
Turn   | Place    | Note
-------+----------+-------------------------------------------
     0 | D:1      | NinjaNoafa the Felid Summoner began the quest for the Orb.
     0 | D:1      | Reached XP level 1. HP: 7/7 MP: 4/4
   448 | D:1      | Reached XP level 2. HP: 11/11 MP: 3/6
  1047 | D:1      | Learned a level 2 spell: Call Imp
  1171 | D:2      | Found a sparkling altar of Nemelex Xobeh.
  1278 | D:2      | Reached XP level 3. HP: 14/14 MP: 4/8
  1815 | D:2      | Noticed Natasha
  1843 | D:2      | Killed Natasha
  1844 | D:2      | Reached XP level 4. HP: 18/18 MP: 1/9
  1992 | D:2      | Noticed Natasha
  2000 | D:2      | Killed Natasha
  2001 | D:2      | Reached skill level 5 in Summonings
  2385 | D:2      | Noticed Natasha
  2422 | D:2      | Killed Natasha
  2514 | D:3      | Reached XP level 5. HP: 21/21 MP: 8/11
  3123 | D:3      | Noticed Grinder
  3148 | D:3      | Paralysed by Grinder for 4 turns
  3158 | D:3      | Paralysed by Grinder for 4 turns
  3160 | D:3      | Slain by Grinder
  3161 | D:3      | Reached XP level 4. HP: 0/18 MP: 10/10
  3347 | D:3      | Found a sacrificial altar of Ru.
  3686 | D:3      | Paralysed by Grinder for 4 turns
  4004 | D:4      | Noticed Menkaure
  4028 | D:4      | Killed Menkaure
  4029 | D:4      | Reached XP level 5. HP: 13/21 MP: 9/12
  4183 | D:4      | You fall into a shaft and drop 1 floor!
  4183 | D:5      | Entered Level 5 of the Dungeon
  4213 | D:5      | Found a glowing silver altar of Zin.
  4317 | D:5      | Noticed an ice beast
  4385 | D:5      | Killed an ice beast
  4386 | D:5      | Gained mutation: You are covered in thick fur. (AC +2)
                  | [Felid growth]
  4386 | D:5      | Reached XP level 6. HP: 24/24 MP: 3/14
  4489 | D:5      | Reached skill level 5 in Spellcasting
  4509 | D:5      | Noticed an ice beast
  4599 | D:5      | Killed an ice beast
  4808 | D:5      | HP: 1/24 [orc priest/+0 morningstar (8)]
  4827 | D:5      | Reached XP level 7. HP: 5/27 MP: 4/16
  4999 | D:4      | Found a basalt altar of Yredelemnul.
  5423 | D:4      | Found Ximoe's Antique Weapon Shop.
  5622 | D:3      | Learned a level 3 spell: Call Canine Familiar
  5628 | D:3      | Paralysed by Grinder for 2 turns
  5659 | D:3      | Killed Grinder
  5864 | D:4      | Found a shimmering blue altar of Sif Muna.
  5928 | D:4      | Reached XP level 8. HP: 31/31 MP: 13/18
  6704 | D:4      | Noticed Sigmund
  6753 | D:4      | Killed Sigmund
  7125 | D:5      | Found a snail-covered altar of Cheibriados.
  7662 | D:5      | Learned a level 3 spell: Summon Guardian Golem
  8029 | D:5      | Identified a scroll of acquirement
  8125 | D:6      | Found Nem Atteups's Distillery.
  8156 | D:6      | Bought a potion of curing for 45 gold pieces
  8156 | D:6      | Bought a potion of invisibility for 120 gold pieces
  8156 | D:6      | Bought a potion of heal wounds for 75 gold pieces
  8224 | D:6      | Found Esoan's Jewellery Boutique.
  8274 | D:6      | Reached XP level 9. HP: 28/34 MP: 18/22
  8274 | D:6      | Acquired the amulet "Ukeeschair" {RegenMP Int+3 Dex+2}
  8687 | D:6      | Found Zaumokou's Armour Shoppe.
  8747 | D:6      | Found a hazy altar of Hepliaklqana.
  8780 | D:6      | Found Gylam's Distillery.
  8807 | D:6      | Reached skill level 10 in Summonings
  8857 | D:6      | Found Xesie's Armour Emporium.
  8894 | D:6      | Found a glowing golden altar of the Shining One.
  9495 | D:7      | HP: 1/34 [orc warrior/+0 glaive (11)]
  9558 | D:7      | Found a blossoming altar of Fedhas.
  9575 | D:7      | Reached skill level 10 in Spellcasting
  9611 | D:7      | Reached skill level 1 in Hexes
  9684 | D:7      | Killed from afar by a steam dragon
  9685 | D:7      | Reached XP level 8. HP: -13/31 MP: 23/23
  9958 | D:8      | Identified the +2 leather armour of the Mind {Will+ Slay+5}
 10110 | D:8      | Reached XP level 9. HP: 28/34 MP: 22/24
 10473 | D:8      | Reached skill level 5 in Hexes
 10745 | D:8      | Learned a level 2 spell: Ensorcelled Hibernation
 10750 | D:8      | Learned a level 4 spell: Summon Lightning Spire
 11147 | D:7      | Reached skill level 1 in Air Magic
 11323 | D:7      | Found a staircase to the Ecumenical Temple.
 11332 | Temple   | Entered the Ecumenical Temple
 11413 | Temple   | Became a worshipper of Gozag Ym Sagoz the Greedy
 11862 | D:9      | Noticed Pikel
 11897 | D:9      | Acquired a book of Beasts
 11973 | D:9      | Killed from afar by a steam dragon

Illustrated notes

Levels and vault maps discovered:
D:1:      spicycebolla_green_bress_n_ham_2, layout_basic, minmay_strange_pillars
D:2:      layout_basic, basic_altar, minmay_bisected, uniq_natasha
D:3:      layout_loops_ring, nicolae_overflow_hidden_temple, grunt_ministairs_9,
          grunt_decor_junction, uniq_grinder
D:4:      minmay_chambers_of_twos, layout_basic, overflow_temple_1_default,
          mainiacjoe_overflow_six_doors_small, serial_shops,
          nicolae_shop_waterfront, st_stairs_9, dk_vineyard_2,
          nrook_mini_vaults, minmay_misc_feat_square, grunt_ministairs_13,
          uniq_sigmund, uniq_menkaure
D:5:      layout_loops_ring, mainiacjoe_overflow_alcove_1, gup_sewer_entry_pipe,
          minmay_ruined_shrine
D:6:      layout_basic, nzn_hepliaklqana_mist_gate,
          nicolae_tso_carved_into_rock, serial_shops, nicolae_shop_hallway_plus,
          nicolae_shop_behind_doors, shop, kennysheep_little_box, shop,
          st_stairs_3
D:7:      layout_gridville, lemuel_doored_altar, minmay_temple_entry_water_ring
D:8:      layout_basic, minmay_misc_feat_rugged
D:9:      layout_basic, zombieorc2_lemuel, uniq_pikel
Temple:   nicolae_temple_superstar

Skill      XL: |  1  2  3  4  5  6  7  8  9 |
---------------+----------------------------+-----
Spellcasting   | 3 4 5 6 8 10 | 10.0
Summonings     | 6 7 9 10 | 10.0
Hexes          | 4 5 |  5.0
Air Magic      | 2 |  2.7
Fighting       | |  0.3
Dodging        | |  2.9
Stealth        | |  2.6

Action                   |  1- 3 |  4- 6 |  7- 9 || total
-------------------------+-------+-------+-------++-------
Melee: Unarmed           |    18 |    14 |    25 ||    57
       Bite              |     2 |     2 |     2 ||     6
       Punch             |       |     1 |       ||     1
 Cast: Summon Small Mamm |    62 |   115 |   114 ||   291
       Call Imp          |    13 |    40 |    63 ||   116
       Call Canine Famil |       |       |    40 ||    40
       Summon Guardian G |       |       |    35 ||    35
       Ensorcelled Hiber |       |       |     6 ||     6
       Summon Lightning  |       |       |     1 ||     1
  Use: Scroll            |       |     4 |    16 ||    20
       Potion            |       |     3 |     4 ||     7
 Stab: Sleeping          |       |     2 |     3 ||     5
       Distracted        |       |       |     1 ||     1
Armor: Skin              |     8 |     3 |     5 ||    16
Dodge: Dodged            |    68 |    61 |    94 ||   223

Table legend: (Time is in decaauts)
 A = Elapsed time spent in this place.
 B = Non-inter-level travel time spent in this place.
 C = Inter-level travel time spent in this place.
 D = Time resting spent in this place.
 E = Time spent auto-exploring this place.
 F = Levels seen in this place.
 G = Mean time per level.
                   A        B        C        D        E       F      G
               +--------+--------+--------+--------+--------+-----+--------+
         Total |  10596 |   9819 |    777 |    282 |   6397 |  10 | 1059.6 |
       Dungeon |  10466 |   9710 |    756 |    282 |   6310 |   9 | 1162.9 |
        Temple |    130 |    109 |     21 |      0 |     87 |   1 |  130.0 |
               +--------+--------+--------+--------+--------+-----+--------+

Top non-repeatable levels by time:
     D:4: 1903 daAuts
     D:5: 1656 daAuts
     D:3: 1455 daAuts
     D:2: 1323 daAuts
     D:8: 1140 daAuts
     D:7: 1008 daAuts
     D:6: 966 daAuts
     D:1: 902 daAuts
  Temple: 130 daAuts
     D:9: 110 daAuts
